 Dungeon Crawl Stone Soup version 0.26-a0-712-ga5a9c9c9d0 (webtiles) character file.

Game seed: 10739038914294329681

110 grimjagger06 the Gusty (level 4, -9/24 HPs)
             Began as a Tengu Air Elementalist on Nov 3, 2020.
             Killed by nerve-wracking pain
             ... invoked by Grinder
              (11 damage)
             ... on level 3 of the Dungeon.
             The game lasted 00:07:23 (3205 turns).

grimjagger06 the Gusty (Tengu Air Elementalist)     Turns: 3205, Time: 00:07:24

Health: -9/24      AC:  2    Str:  8    XL:     4   Next: 91%
Magic:  6/9        EV: 12    Int: 17    God:
Gold:   124        SH:  0    Dex: 14    Spells: 7/8 levels left

rFire    . . .     SeeInvis .   d - +0 dagger (venom)
rCold    . . .     Faith    .   (no shield)
rNeg     . . .     Spirit   .   a - +0 robe
rPois    .         Reflect  .   (helmet restricted)
rElec    .         Harm     .   (no cloak)
rCorr    .         Rampage  .   (no gloves)
MR       .....                  (boots unavailable)
Stlth    ++........             (no amulet)
HPRegen  0.08/turn              (no ring)
MPRegen  0.11/turn              (no ring)

@: very slightly contaminated, hasted, invisible, very quick
A: beak, talons 3
a: no special abilities


You were on level 3 of the Dungeon.
You visited 1 branch of the dungeon, and saw 3 of its levels.

You collected 124 gold pieces.

Inventory:

Hand Weapons
 d - a +0 dagger of venom (weapon)
Missiles
 c - 3 curare-tipped darts (quivered)
 o - 17 bolts
 p - 34 stones
 u - 8 boomerangs
Armour
 a - a +0 robe (worn)
 h - a +0 robe
 i - a +0 robe
 j - a cursed +0 leather armour
 l - a +0 leather armour
Jewellery
 g - a cursed amulet of inaccuracy {unknown}
 m - an uncursed ring of protection from magic {unknown}
Scrolls
 b - a scroll of fog {unknown}
 e - 2 scrolls of teleportation {unknown}
 k - a scroll of identify {unknown}
 q - a scroll of fear {unknown}
 r - a scroll of blinking {unknown}
 t - a scroll of enchant weapon {unknown}
Potions
 s - a potion of degeneration {unknown}


   Skills:
 - Level 2.1 Dodging
 - Level 2.0 Stealth
 + Level 2.8 Spellcasting
 + Level 3.1 Conjurations
 * Level 5.8 Air Magic


You had 7 spell levels left.
You knew the following spells:

 Your Spells              Type           Power        Failure   Level
a - Shock                 Conj/Air       ###.         2%          1

Your spell library contained the following spells:

 Spells                   Type           Power        Failure   Level
 Swiftness                Air            ###.....     2%          2
 Static Discharge         Conj/Air       ###.....     9%          3
 Airstrike                Air            ###.......   16%         4
 Lightning Bolt           Conj/Air       ###.......   61%         5


Dungeon Overview and Level Annotations

Branches:
Dungeon (3/15)

Altars:
Hepliaklqana
Zin

Annotations:
D:3 Grinder


Innate Abilities, Weirdness & Mutations

You have a beak for a mouth.
You have claws for feet.


Message History

Press: ? - help, Shift-Dir - straight line
Okay, then.
It was a potion of invisibility.
You fade into invisibility!
Grinder gestures at you. Pain shoots through your body!
* * * LOW HITPOINT WARNING * * *
You are very lightly contaminated with residual magic.
Press: ? - help, v - describe, . - travel
Here: Grinder (heavily wounded)
The floor.
Casting: Shock (safe; 2% risk of failure)
Confirm with . or Enter, or press ? or * to list all spells.
Aiming: Shock (safe; 2% risk of failure)
Press: ? - help, Shift-Dir - straight line
Okay, then.
It was a potion of haste.
You feel yourself speed up. Grinder gestures at you.
Pain shoots through your body!
You die...

#. ..#
#.#.#?#
#.....#
#.....#
#.#.#.#
#.(...#
#.....#
#.#.#.#
#...5@#
#..(..#
#.#.#.#
#.....#
#.....#
#.#.#.#
#.# .#
#.....#
#.# .#
#.†...#
#.###.
#.#)#.#
#.##..
#.


You could see Grinder.

Vanquished Creatures
  A gnoll (D:1)
  5 adders
  An ooze (D:2)
  A worm (D:2)
  2 dart slugs (D:1)
  2 giant cockroaches
  3 goblins
  10 hobgoblins
  4 jackals (D:1)
  4 kobolds
  A quokka (D:2)
  4 bats
  3 frilled lizards
  2 rats (D:1)
43 creatures vanquished.

Notes
Turn   | Place    | Note
-------+----------+-------------------------------------------
     0 | D:1      | grimjagger06 the Tengu Air Elementalist began the quest for
                  | the Orb.
     0 | D:1      | Reached XP level 1. HP: 10/10 MP: 4/4
   408 | D:1      | Reached XP level 2. HP: 15/15 MP: 3/6
   717 | D:1      | Reached XP level 3. HP: 19/19 MP: 2/7
   988 | D:1      | Reached skill level 5 in Air Magic
  1655 | D:2      | Reached XP level 4. HP: 24/24 MP: 5/8
  2363 | D:2      | Found a hazy altar of Hepliaklqana.
  2366 | D:2      | Found a glowing silver altar of Zin.
  3187 | D:3      | Noticed Grinder
  3205 | D:3      | Killed from afar by Grinder

Illustrated notes

Levels and vault maps discovered:
D:1:      dpeg_cavernosity, layout_basic, nrook_uturn
D:2:      minmay_wonky_spiral, layout_basic, grunt_temple_overflow_open
D:3:      gammafunk_wand_slinger, layout_loops_ring,
          kennysheep_okawaru_gauntlet, chequers_ecumenical_altar_simple_redux,
          columned_hall_lemuel, minivault_14, uniq_grinder, uniq_terence

Skill      XL: |  1  2  3  4 |
---------------+-------------+-----
Conjurations   | 2 3 |  3.1
Air Magic      | 5 |  5.8
Dodging        | |  2.1
Stealth        | |  2.0
Spellcasting   | |  2.8

Action                   |  1- 3 |  4- 6 || total
-------------------------+-------+-------++-------
Melee: Kick              |     7 |     4 ||    11
       Unarmed           |     2 |       ||     2
       Peck              |     2 |     2 ||     4
       Dagger            |    25 |     6 ||    31
Throw: Dart              |       |     5 ||     5
 Cast: Shock             |    32 |    27 ||    59
  Use: Potion            |       |     2 ||     2
 Stab: Sleeping          |     7 |     1 ||     8
Armor: Robe              |     4 |     2 ||     6
Dodge: Dodged            |    16 |     7 ||    23

Table legend: (Time is in decaauts)
 A = Elapsed time spent in this place.
 B = Non-inter-level travel time spent in this place.
 C = Inter-level travel time spent in this place.
 D = Time resting spent in this place.
 E = Time spent auto-exploring this place.
 F = Levels seen in this place.
 G = Mean time per level.
                   A        B        C        D        E       F      G
               +--------+--------+--------+--------+--------+-----+--------+
         Total |   3204 |   3048 |    156 |    529 |   2197 |   3 | 1068.0 |
       Dungeon |   3204 |   3048 |    156 |    529 |   2197 |   3 | 1068.0 |
               +--------+--------+--------+--------+--------+-----+--------+

Top non-repeatable levels by time:
     D:1: 1467 daAuts
     D:2: 1430 daAuts
     D:3: 305 daAuts
